Map: Oxide LE

Players

Stats

  • Race: Protoss Protoss
  • League: Grandmaster
  • Spawn Location: 1:00

ByuN - Winner!

  • Race: Terran Terran
  • Spawn Location: 7:00

Event: ASUS ROG Online 2020

VOD

Have the link to the VOD?

Description

Time

  • Played on: Nov. 27, 2020, 3:50 p.m.
  • Length: 13:19

All games in this series

Show
View Real Time Build Order
Export as new Build Order

Stats Protoss 

Build Orders: 1 Gate Expand, Phoenix Opening, Colossus Rush 

Get SALT Encoding   

  12  0:00  Probe  
  13  0:12  Probe  
  14  0:18  Pylon  
  14  0:24  Probe (Chrono Boost)  
  15  0:36  Gateway, Probe (Chrono Boost)  
  16  0:45  Probe (Chrono Boost)  
  16  0:46  Assimilator  
  17  0:50  Probe  
  18  1:03  Probe  
  19  1:15  Probe  
  20  1:25  Cybernetics Core  
  20  1:32  Nexus  
  20  1:35  Probe  
  21  1:42  Pylon  
  21  1:47  Assimilator  
  21  1:49  Probe  
  22  1:58  Adept (Chrono Boost)  
  24  2:04  Shield Battery  
  24  2:05  Probe  
  25  2:17  Probe  
  25  2:19  Stargate  
  26  2:23  Adept (Chrono Boost)  
  29  2:30  Probe  
  29  2:32  Warp Gate  
  30  2:45  Probe (Chrono Boost)  
  30  2:46  Probe (Chrono Boost)  
  30  2:51  Adept  
  33  2:54  Probe (Chrono Boost)  
  33  2:57  Probe (Chrono Boost)  
  35  2:59  Probe (Chrono Boost)  
  35  3:03  Phoenix  
  38  3:06  Probe  
  38  3:11  Probe (Chrono Boost)  
  40  3:17  Pylon  
  41  3:22  Probe (Chrono Boost)  
  41  3:23  Probe (Chrono Boost)  
  42  3:28  Phoenix  
  42  3:31  Probe (Chrono Boost)  
  42  3:33  Probe (Chrono Boost)  
  46  3:37  Assimilator  
  46  3:38  Probe  
  46  3:39  Assimilator  
  47  3:42  Probe, Robotics Facility  
  48  3:50  Pylon, Probe (Chrono Boost)  
  48  3:54  Phoenix  
  52  3:58  Probe (Chrono Boost)  
  52  4:02  Probe (Chrono Boost)  
  53  4:06  Gateway  
  53  4:08  Gateway  
  53  4:09  Probe (Chrono Boost)  
  54  4:10  Probe (Chrono Boost)  
  55  4:18  Probe  
  55  4:19  Phoenix, Shield Battery  
  55  4:22  Sentry  
  60  4:28  Probe  
  60  4:29  Pylon  
  60  4:30  Observer  
  62  4:38  Pylon  
  62  4:48  Stalker  
  64  4:53  Immortal (Chrono Boost)  
  64  4:55  Probe  
  64  4:58  Robotics Bay  
  64  4:59  Probe  
  70  5:06  Zealot  
  70  5:07  Zealot  
  66  5:22  Probe x2  
  66  5:25  Phoenix  
  70  5:35  Nexus  
  70  5:36  Pylon, Probe x2  
  70  5:39  Forge  
  70  5:40  Forge  
  72  5:46  Colossus (Chrono Boost)  
  78  5:54  Phoenix, Probe x2 (Chrono Boost)  
  84  6:06  Probe x2 (Chrono Boost)  
  84  6:10  Shield Battery, Probe x2 (Chrono Boost)  
  83  6:14  Pylon  
  85  6:19  Pylon  
  85  6:31  Probe  
  85  6:32  Phoenix, Probe  
  89  6:35  Sentry  
  89  6:36  Sentry, Colossus (Chrono Boost)  
  89  6:37  Zealot  
  101  6:42  Protoss Ground Weapons Level 1 (Chrono Boost)  
  101  6:43  Protoss Ground Armor Level 1 (Chrono Boost), Probe  
  101  6:46  Probe  
  103  6:49  Pylon  
  103  6:50  Probe  
  103  6:52  Pylon  
  104  6:56  Probe  
  104  6:58  Extended Thermal Lance  
  105  7:01  Phoenix  
  105  7:04  Gateway, Probe x2  
  105  7:07  Assimilator  
  105  7:08  Probe  
  110  7:09  Assimilator  
  110  7:14  Gateway  
  110  7:22  Colossus  
  110  7:24  Phoenix  
  110  7:27  Probe  
  117  7:34  Gateway  
  117  7:35  Gateway  
  117  7:38  Gateway  
  117  7:40  Twilight Council  
  117  7:48  Zealot x3  
  123  7:52  Pylon  
  123  8:01  Probe  
  123  8:02  Probe x2  
  126  8:05  Nexus  
  126  8:07  Pylon  
  126  8:08  Pylon  
  126  8:10  Charge  
  126  8:11  Pylon  
  126  8:17  Observer  
  127  8:24  Templar Archives  
  127  8:30  Zealot x5  
  127  8:31  Zealot x2  
  141  8:34  Zealot  
  141  8:35  Shield Battery  
  141  8:38  Warp Prism  
  143  8:42  Protoss Ground Armor Level 2 (Chrono Boost), Protoss Ground Weapons Level 2 (Chrono Boost)  
  143  8:49  Probe x3  
  143  8:53  Pylon  
  144  9:07  Probe x2  
  144  9:08  Probe  
  145  9:13  High Templar x4  
  153  9:17  Observer  
  153  9:19  Archon x2, Zealot x3  
  153  9:20  Zealot  
  153  9:22  Probe x4  
  166  9:24  Assimilator  
  166  9:26  Assimilator  
  165  9:33  Gateway, Dark Shrine  
  165  9:38  Gateway  
  165  9:39  Nexus  
  165  9:40  Blink  
  165  9:42  Pylon  
  160  9:51  Zealot x6  
  169  10:07  High Templar x2  
  169  10:11  Archon  
  173  10:15  Assimilator  
  173  10:17  Assimilator  
  173  10:18  High Templar x2  
  177  10:22  High Templar x2  
  177  10:23  Archon  
  177  10:26  Pylon  
  177  10:27  Archon, Pylon  
  181  10:30  Pylon  
  180  10:46  Zealot x4  
  180  10:47  Zealot x2  
  162  11:05  Zealot x4  
  114  11:12  Zealot x6  
  113  11:26  Gateway  
  113  11:28  Gateway  
  113  11:30  Gateway  
  113  11:32  Zealot x9  
  129  11:34  Gateway, Dark Templar  
  129  11:35  Gateway  
  129  11:50  Colossus (Chrono Boost)  
  122  11:54  Stalker x6  
  122  11:55  Stalker x2  
  122  11:57  Stalker  
  137  12:02  Robotics Facility  
  137  12:19  Shield Battery  
  137  12:20  Dark Templar  
  139  12:23  Sentry x2  
  139  12:24  High Templar x2  
  139  12:26  Zealot x3  
  139  12:29  Archon  
  151  12:42  Zealot x2  
  149  12:48  Zealot x4  
  149  12:50  Zealot  
  157  12:57  Zealot, Dark Templar  
  157  12:58  Zealot  
Show
View Real Time Build Order
Export as new Build Order

ByuN Terran - Winner!

Build Orders:  

Get SALT Encoding   

  12  0:00  SCV  
  13  0:12  SCV  
  14  0:16  Supply Depot  
  14  0:24  SCV  
  15  0:38  Barracks, SCV  
  16  0:42  Refinery  
  16  0:50  SCV  
  17  1:02  SCV  
  18  1:14  SCV  
  19  1:25  Barracks Reactor  
  19  1:26  Orbital Command  
  19  1:40  Command Center  
  19  1:52  SCV  
  19  1:53  Supply Depot  
  20  2:01  Marine x2  
  21  2:04  SCV  
  21  2:08  Barracks  
  23  2:16  SCV  
  23  2:18  Marine  
  23  2:19  Marine  
  26  2:28  SCV  
  27  2:36  Marine  
  27  2:37  Marine  
  28  2:40  SCV  
  30  2:52  Orbital Command  
  30  2:53  SCV  
  30  2:55  Command Center  
  31  2:59  Marine  
  31  3:02  Marine  
  33  3:06  Barracks Tech Lab  
  33  3:07  SCV  
  34  3:17  Marine  
  34  3:18  SCV  
  34  3:19  SCV, Marine  
  37  3:25  Stimpack, Marine  
  39  3:30  SCV  
  39  3:31  SCV  
  41  3:35  Marine  
  41  3:36  Engineering Bay  
  41  3:37  Marine  
  43  3:43  SCV x2, Marine  
  46  3:56  Factory  
  46  4:01  Refinery  
  46  4:07  SCV x2, Marine x3  
  46  4:08  Terran Infantry Weapons Level 1  
  46  4:09  Orbital Command  
  51  4:19  SCV x2  
  51  4:20  Supply Depot  
  51  4:22  Barracks  
  53  4:25  Marine x3  
  55  4:31  SCV x2  
  55  4:35  SCV  
  58  4:42  Factory Reactor, Starport, Marine x3  
  58  4:43  SCV  
  59  4:46  SCV  
  59  4:47  SCV  
  59  4:50  Refinery  
  60  4:55  SCV  
  60  4:58  SCV  
  60  4:59  SCV  
  63  5:00  Supply Depot  
  63  5:01  Refinery  
  63  5:02  Marine x3  
  66  5:08  SCV  
  66  5:10  SCV  
  66  5:11  Missile Turret  
  66  5:12  SCV  
  68  5:20  SCV  
  59  5:22  SCV  
  59  5:24  Marauder, SCV, Marine x2  
  59  5:27  Barracks Tech Lab  
  64  5:32  Orbital Command, SCV  
  64  5:34  SCV  
  64  5:35  Factory Tech Lab  
  65  5:38  Medivac x2  
  65  5:39  Barracks  
  65  5:41  Missile Turret  
  68  5:43  Marine x2  
  68  5:44  Barracks, SCV  
  68  5:46  SCV  
  68  5:49  Supply Depot  
  72  5:50  Supply Depot  
  72  5:52  Marauder  
  72  5:56  SCV  
  72  5:57  Marauder  
  76  5:58  SCV  
  76  6:03  Combat Shield, Concussive Shells  
  76  6:04  Supply Depot, SCV  
  77  6:12  SCV x2  
  77  6:13  Siege Tank  
  77  6:14  Marauder, Marine  
  77  6:15  Marine  
  77  6:18  SCV  
  86  6:24  SCV  
  86  6:25  SCV  
  86  6:30  Missile Turret, SCV  
  86  6:31  Marauder  
  89  6:36  Marauder, SCV  
  89  6:37  Medivac, SCV  
  93  6:40  Medivac  
  93  6:44  Marine x2  
  93  6:45  SCV  
  98  6:48  SCV  
  98  6:49  SCV  
  98  6:52  Terran Infantry Armor Level 1, Supply Depot  
  103  6:54  Siege Tank  
  103  6:56  Barracks Reactor  
  103  6:58  Marauder  
  103  6:59  Marauder  
  107  7:01  SCV, Refinery  
  107  7:02  SCV  
  109  7:09  Refinery  
  109  7:13  Marine x2  
  109  7:14  SCV x2  
  113  7:18  Supply Depot x3  
  113  7:19  Barracks Tech Lab  
  113  7:21  SCV  
  111  7:23  Missile Turret  
  111  7:26  SCV x2  
  111  7:27  Supply Depot  
  113  7:32  Siege Tank  
  113  7:33  SCV  
  117  7:39  SCV  
  117  7:40  Marauder x3  
  117  7:41  Medivac  
  117  7:42  Supply Depot x2  
  117  7:43  Medivac  
  128  7:46  Marine x2  
  128  7:47  Marine  
  128  7:48  Marine  
  128  7:50  Ghost Academy  
  132  7:52  Supply Depot  
  132  8:04  Siege Tank  
  135  8:06  Marauder x2  
  139  8:17  Sensor Tower, Marine x3  
  139  8:18  Marine x2  
  146  8:24  Enhanced Shockwaves  
  144  8:31  Command Center, Ghost  
  146  8:35  Supply Depot x2  
  146  8:36  Siege Tank  
  146  8:37  Ghost  
  146  8:39  Marine x2  
  146  8:40  Marine  
  146  8:41  Marine  
  154  8:44  Ghost  
  157  8:55  Engineering Bay, Armory  
  157  8:57  Viking  
  157  9:01  Viking  
  160  9:08  Marauder x2  
  160  9:09  Marine x4  
  168  9:13  Marauder  
  169  9:26  Siege Tank, Marine x2  
  169  9:27  Marine x2  
  169  9:30  Marauder x2  
  169  9:31  Viking x2  
  182  9:35  Marauder  
  185  9:49  Marine x3  
  185  9:51  Marauder x2  
  192  9:56  Marauder  
  194  10:06  Siege Tank  
  193  10:09  Marine x4  
  193  10:11  Terran Infantry Weapons Level 2  
  193  10:12  Marauder  
  199  10:18  Barracks  
  199  10:19  Terran Infantry Armor Level 2, Barracks  
  197  10:43  Ghost  
  199  10:53  Planetary Fortress  
  199  10:55  Starport  
  173  11:05  SCV x2  
  173  11:06  Marauder x2  
  173  11:07  Marine x3  
  145  11:17  Marauder, Marine  
  135  11:20  SCV x2  
  135  11:21  SCV  
  135  11:23  Barracks Tech Lab  
  135  11:24  Marine  
  135  11:25  Barracks Tech Lab  
  138  11:26  Missile Turret  
  138  11:27  Barracks, Marauder  
  138  11:32  SCV x2  
  142  11:33  SCV  
  142  11:34  Marauder  
  142  11:35  Marine x2  
  142  11:38  Marauder  
  149  11:41  Marine x2  
  149  11:42  Marine  
  149  11:46  SCV x3  
  155  11:49  Marauder  
  155  11:52  Marauder  
  155  11:53  Marine x2  
  161  11:55  Marauder  
  161  11:56  Siege Tank, Viking x2  
  161  11:57  Starport Reactor, Command Center  
  161  11:58  Command Center  
  161  11:59  Marauder x2, Marine  
  175  12:06  Marine  
  174  12:10  Marauder, Marine  
  174  12:11  Marine  
  174  12:13  Marauder  
  174  12:15  Refinery x2  
  180  12:16  Marine  
  180  12:17  Marauder  
  180  12:18  Barracks Reactor  
  180  12:21  Marauder  
  187  12:23  Marauder  
  187  12:24  Marine  
  187  12:26  Viking x2  
  187  12:28  Marine  
  187  12:29  Siege Tank  
  196  12:32  Marauder  
  196  12:35  Marauder  
  197  12:44  Marauder  
  197  12:45  Marine  
  193  12:59  Marine x2  
Tags
 
Add a new tag
Caveats
  • Supply blocks, unpowered buildings, or Contaminate may cause inaccurate times.
  • Supply counts are checked every 10 seconds.